 Dungeon Crawl Stone Soup version 0.27-a0-795-ge5c3fa52fd (webtiles) character file.

Game seed: 3405519326269864651

74 EnegeticOcto the Magician (level 4, 0/34 HPs)
             Began as a Djinni Necromancer on Mar 27, 2021.
             Slain by Crazy Yiuf
             ... wielding a +3 quarterstaff of chaos
              (16 damage)
             ... on level 2 of the Dungeon.
             The game lasted 00:04:57 (995 turns).

EnegeticOcto the Magician (Djinni Necromancer)       Turns: 995, Time: 00:04:57

Health: 0/34       AC:  2    Str:  7    XL:     4   Next: 30%
Gold:   62         EV: 12    Int: 18    God:
                   SH:  0    Dex: 13

rFire    + + .     SeeInvis .   j - +2 spear (venom)
rCold    x . .     Faith    .   (no shield)
rNeg     . . .     Spirit   .   a - +0 robe
rPois    ∞         Reflect  .   (no helmet)
rElec    .         Harm     .   (no cloak)
rCorr    .         Rampage  .   (no gloves)
Will     .....                  (boots unavailable)
Stlth    ++........             (no amulet)
HPRegen  0.11/turn              (no ring)
MPRegen  0.00/turn              (no ring)

@: flying
A: fire resistance 2, cold vulnerability 1, float, innate caster, hp casting,
extra vitality 1
a: no special abilities


You were on level 2 of the Dungeon.
You visited 1 branch of the dungeon, and saw 2 of its levels.

You collected 62 gold pieces.

Inventory:

Hand Weapons
 c - a +0 whip
   (You took it off a gnoll on level 1 of the Dungeon)
 g - a +0 flail
   (You found it on level 1 of the Dungeon)
 j - a +2 spear of venom (weapon)
   (You found it on level 1 of the Dungeon)
Armour
 a - a +0 robe (worn)
Scrolls
 b - a scroll of torment {unknown}
 d - 3 scrolls of noise {unknown}
 f - a scroll of identify {unknown}
 h - a scroll of magic mapping {unknown}
 k - a scroll of fear {unknown}
 l - a scroll of acquirement {unknown}
Potions
 e - a potion of curing {unknown}
 i - a potion of mutation {unknown}
 m - a potion of magic {unknown}


   Skills:
 + Level 2.5 Fighting
 - Level 2.1 Dodging
 - Level 1.5 Stealth
 + Level 4.3 Spellcasting


You couldn't memorise any spells.
You knew the following spells:

 Your Spells              Type           Power      Damage    Failure   Level
a - Vampiric Draining     Necr           9%         2d7       7%          3
b - Animate Skeleton      Necr           38%        N/A       2%          1
c - Pain                  Necr           76%        1d7       2%          1
d - Animate Dead          Necr           9%         N/A       24%         4
e - Agony                 Necr           19%        N/A       54%         5
f - Freeze                Ice            76%        1d9       2%          1
Your spell library was empty.

Dungeon Overview and Level Annotations

Branches:
Dungeon (2/15)

Altars:

Annotations:
D:2 Crazy Yiuf


Innate Abilities, Weirdness & Mutations

You are immune to poison.
Your flesh is very heat resistant. (rF++)
You are vulnerable to cold. (rC-)
You float through the air rather than walking.
You learn spells naturally, not from books.
Your magical power is your life essence.
You have superior vitality. (+4 HP)


Message History

Press: ? - help, Dir - move target, f - endoplasm
Aim: an endoplasm (about 13% to evade your +2 spear of venom)
You hit the endoplasm.
The endoplasm is heavily wounded.
The endoplasm freezes you.
You are frozen.
Reach: j) +2 spear (venom)
Press: ? - help, Dir - move target, f/p - endoplasm
Aim: an endoplasm (heavily wounded, about 13% to evade your +2 spear of venom)
You puncture the endoplasm!
You kill the endoplasm!
You see here an adder corpse.
A goblin comes into view. It is wielding a +0 dagger.
Found 9 gold pieces.
Found 9 gold pieces.
Reach: j) +2 spear (venom)
Press: ? - help, Dir - move target, f - goblin
Aim: a goblin, wielding a +0 dagger (asleep, about 2% to evade your +2 spear of venom)
You reach to attack!
The helpless goblin fails to defend itself.
You hit the goblin.
The goblin is poisoned.
The goblin is severely wounded.
The goblin hits you with a +0 dagger.
Reach: j) +2 spear (venom)
Press: ? - help, Dir - move target, f/p - goblin
Aim: a goblin, wielding a +0 dagger (severely wounded, very poisoned, about 44% to evade your +2 spear of venom)
You barely miss the goblin.
The goblin is severely wounded.
You kill the goblin!
You now have 46 gold pieces (gained 9).
Found a hand axe.
You now have 55 gold pieces (gained 9).
Found 7 gold pieces.
You see here a +0 hand axe.
You now have 62 gold pieces (gained 7).
A goblin comes into view. It is wielding a +0 club.
The goblin shouts!
You closely miss the goblin. The goblin hits you with a +0 club.
Reach: j) +2 spear (venom)
Press: ? - help, Dir - move target, f - goblin
Aim: a goblin, wielding a +0 club (about 44% to evade your +2 spear of venom)
You hit the goblin.
The goblin is severely wounded.
The goblin completely misses you.
Casting: Vampiric Draining (dangerous; 8% risk of failure)
Confirm with . or Enter, or press ? or * to list all spells.
Aiming: Vampiric Draining (dangerous; 8% risk of failure)
Press: ? - help, Shift-Dir - straight line, f/p - goblin
Aim: a goblin, wielding a +0 club (severely wounded)
You draw life force from the goblin!
You kill the goblin!
You feel life coursing into your body.
Things that are here:
a +0 club; a goblin corpse
Found a stone staircase leading down.
Found a mace.
There is a stone staircase leading down here.
A quokka comes into view.
Reach: j) +2 spear (venom)
Press: ? - help, Dir - move target, f - you That would be overly suicidal.
Okay, then.
Unknown command.
Reach: j) +2 spear (venom)
Press: ? - help, Dir - move target, f - quokka
Aim: a quokka (about 47% to evade your +2 spear of venom)
You closely miss the quokka. The quokka completely misses you.
Reach: j) +2 spear (venom)
Press: ? - help, Dir - move target, f/p - quokka
Aim: a quokka (about 47% to evade your +2 spear of venom)
You hit the quokka.
The quokka is severely wounded.
The quokka closely misses you.
Casting: Vampiric Draining (dangerous; 8% risk of failure)
Confirm with . or Enter, or press ? or * to list all spells.
Aiming: Vampiric Draining (dangerous; 8% risk of failure)
Press: ? - help, Shift-Dir - straight line, f/p - quokka
Aim: a quokka (severely wounded)
You draw life force from the quokka!
You kill the quokka!
You feel life coursing into your body.
A bat comes into view.
Reach: j) +2 spear (venom)
Press: ? - help, Dir - move target, f - bat
Aim: a bat (asleep, about 2% to evade your +2 spear of venom)
You reach to attack!
The helpless bat fails to defend itself.
You hit the bat.
You kill the bat!
Found a mace.
Found a runed translucent door.
Crazy Yiuf shouts!
Press: ? - help, v - describe, . - travel
Here: Crazy Yiuf, wielding a +3 quarterstaff of chaos and wearing a +0 cloak (fire blocked by a runed translucent door)
The floor.
You reach down and open the door.
Crazy Yiuf says, "Tonal!"
Crazy Yiuf screams, "Buddy meccalolo wrapper!"
Crazy Yiuf hits you with a +3 quarterstaff of chaos.
You are electrocuted!
You die...

#
#.########
#.........
##.#######
##.#.##
###.###.##
.....##.#
###.#.#.##
#.# #...##
#.. ##@##
.##### #g#
....## #.#
#... #.#
####. #.#
...... #.#
#####.
##.# #.
##..# # #.
#...##
#.#####.


You could see Crazy Yiuf.

Vanquished Creatures
  A gnoll (D:1)
  2 adders (D:2)
  2 dart slugs (D:1)
  4 ball pythons
  5 endoplasms
  6 goblins
  2 hobgoblins (D:1)
  3 jackals (D:1)
  2 kobolds
  2 quokkas
  6 bats
  2 frilled lizards (D:1)
  2 rats (D:1)
39 creatures vanquished.

Notes
Turn   | Place    | Note
-------+----------+-------------------------------------------
     0 | D:1      | EnegeticOcto the Djinni Necromancer began the quest for the
                  | Orb.
     0 | D:1      | Reached XP level 1. HP: 15/15 MP: 0/0
   285 | D:1      | Reached skill level 1 in Fighting
   285 | D:1      | Reached XP level 2. HP: 6/22 MP: 0/0
   563 | D:1      | Reached skill level 4 in Spellcasting
   568 | D:1      | Reached XP level 3. HP: 12/27 MP: 0/0
   568 | D:1      | Learned a level 1 spell: Freeze
   650 | D:1      | Reached skill level 2 in Fighting
   844 | D:2      | Reached XP level 4. HP: 27/33 MP: 0/0
   974 | D:2      | Found a runed translucent door.
   975 | D:2      | Noticed Crazy Yiuf
   995 | D:2      | Slain by Crazy Yiuf

Illustrated notes

Levels and vault maps discovered:
D:1:      lordsloth_arrival_two_stooges, layout_basic, serial_shops,
          nicolae_shop_waterfront
D:2:      layout_loops_ring, skrybe_limestone_x, uniq_terence,
          uniq_crazy_yiuf_cottage

Skill      XL: |  1  2  3 |
---------------+----------+-----
Fighting       | 1 2 |  2.5
Spellcasting   | 4 |  4.3
Dodging        | |  2.1
Stealth        | |  1.5

Action                   |  1- 3 |  4- 6 || total
-------------------------+-------+-------++-------
Melee: Spear             |    41 |    16 ||    57
 Cast: Pain              |    24 |       ||    24
       Vampiric Draining |     4 |     2 ||     6
 Stab: Sleeping          |     2 |     2 ||     4
Armor: Robe              |     7 |       ||     7
Dodge: Dodged            |    22 |    10 ||    32

Table legend: (Time is in decaauts)
 A = Elapsed time spent in this place.
 B = Non-inter-level travel time spent in this place.
 C = Inter-level travel time spent in this place.
 D = Time resting spent in this place.
 E = Time spent auto-exploring this place.
 F = Levels seen in this place.
 G = Mean time per level.
                   A        B        C        D        E       F      G
               +--------+--------+--------+--------+--------+-----+--------+
         Total |   1153 |   1117 |     36 |      0 |      0 |   2 |  576.5 |
       Dungeon |   1153 |   1117 |     36 |      0 |      0 |   2 |  576.5 |
               +--------+--------+--------+--------+--------+-----+--------+

Top non-repeatable levels by time:
     D:1: 950 daAuts
     D:2: 203 daAuts
